 Dungeon Crawl Stone Soup version 0.25-a0-166-g16436c4407 (webtiles) character file.

Game seed: 2937463754822591757, levelgen mode: classic

9306 EnegeticOcto the Cleaver (level 11, -6/130 HPs)
             Began as an Ogre Berserker on Nov 24, 2019.
             Was an Elder of Trog.
             Hit by a boomerang thrown by an orc warrior (8 damage)
             ... led by an orc high priest
             ... on level 2 of the Orcish Mines.
             The game lasted 00:12:54 (14770 turns).

EnegeticOcto the Cleaver (Ogre Berserker)          Turns: 14770, Time: 00:12:55

Health: -6/130     AC:  6    Str: 23    XL:     11   Next: 44%
Magic:  11/11      EV: 13    Int:  8    God:    Trog [****..]
Gold:   1949       SH:  0    Dex: 11    Spells: 10/10 levels left

rFire    . . .     SeeInvis +   b - +0 broad axe
rCold    + . .     Gourm    +   (no shield)
rNeg     . . .     Faith    .   G - +2 robe {MR+}
rPois    .         Spirit   .   (helmet restricted)
rElec    .         Reflect  .   l - +0 cloak (curse)
rCorr    .         Harm     .   (gloves unavailable)
MR       +++..                  (boots unavailable)
Stlth    +.........             n - amulet of the gourmand
HPRegen  0.31/turn              E - ring of see invisible
MPRegen  0.12/turn              (no ring)

@: no status effects
A: large, unfitting armour, cold resistance 1, deterioration 1, magic resistance
1, robust 1, tough skin 1
a: Berserk, Trog's Hand, Brothers in Arms, Renounce Religion


You were on level 2 of the Orcish Mines.
You worshipped Trog.
Trog was greatly pleased with you.
You were full.

You visited 2 branches of the dungeon, and saw 12 of its levels.
You also visited: Ossuary.

You collected 2141 gold pieces.
You spent 192 gold pieces at shops.

Inventory:

Hand Weapons
 b - a +0 broad axe (weapon)
 q - a +1 war axe
 z - the +3 whip of the Lair of Beasts {drain, MR+}
   (You found it on level 7 of the Dungeon)

   A truly terrible weapon, it drains the life of those it strikes.
   It affects your resistance to hostile enchantments.
Missiles
 f - 3 poisoned darts (quivered)
 p - a throwing net {!f}
 w - 4 large rocks
Armour
 i - a scarf of resistance
 l - a cursed +0 cloak (worn)
 G - a +2 robe of magic resistance (worn)
Jewellery
 n - an amulet of the gourmand (around neck)
 E - a ring of see invisible (left hand)
Wands
 y - a wand of disintegration (9)
 C - a wand of acid (8)
 D - a wand of polymorph (10)
Scrolls
 a - 2 scrolls of fear {!r}
 d - 4 scrolls of remove curse {@r2}
 g - 6 scrolls of teleportation {@r3 !r}
 h - 3 scrolls of enchant armour
 r - 3 scrolls of blinking {@r4}
 x - a scroll of magic mapping {@r5 !r}
 A - a scroll of fog {!r}
Potions
 c - a potion of magic {unknown}
 j - 6 potions of curing {@q1 !q}
 k - 2 potions of resistance
 m - 2 potions of agility {@q5 !q}
 o - a potion of might {@q3 !q}
 s - 7 potions of heal wounds {@q2 !q}
 t - a potion of invisibility {unknown}
 u - 2 potions of mutation
 v - a potion of berserk rage {unknown}
 B - a potion of lignification {unknown}
Miscellaneous
 F - a sack of spiders
Comestibles
 e - 27 rations


   Skills:
 + Level 10.9 Fighting
 * Level 11.4 Axes
 + Level 6.5 Armour
 + Level 7.8 Dodging


You had 10 spell levels left.
You didn't know any spells.
Your spell library was empty.

Dungeon Overview and Level Annotations

Branches:
Dungeon (10/15)            Temple (0/1) D:6             Orc (2/2) D:9
Ossuary (visited)
   Lair: D:8-11         Elf: Orc:2

Altars:
Ashenzari
Makhleb

Shops:
D:4 *


Innate Abilities, Weirdness & Mutations

You are too large for most types of armour.
You have tough skin. (AC +1)
Your flesh is cold resistant. (rC+)
Your body sometimes deteriorates upon taking damage.
You are resistant to hostile enchantments. (MR+)
You are robust. (+10% HP)


Message History

Search for what [Enter for "shield", or ? for help]? .
Search for what [Enter for "."]? .
(D) Dungeon (T) Temple (O) Orcish Mines
Where to? (Enter - Orc:1, ? - help)
There is a stone staircase leading down here.
You climb downwards.
Found 41 gold pieces.
There is a stone staircase leading up here.
You now have 1894 gold pieces (gained 12).
You now have 1923 gold pieces (gained 29).
You now have 1949 gold pieces (gained 26).
An orc warrior comes into view. It is wielding a +0 halberd.
Found 26 gold pieces.
The orc warrior shouts!
You hear a shout! x3; You hear a howl!
You hear a shout! x4; You hear a howl!
No target in view!
No target in view!
No target in view!
No target in view!
You hear a shout!
The orc warrior is too close now for your liking.
A warg, 5 orcs and an ogre come into view.
The orc high priest is wielding a +2 mace of protection.
The orc wizard is wielding a +2 dagger of electrocution.
The orc high priest shouts!
The orc warrior shouts!
The orc wizard shouts!
The warg howls!
The orc wizard mumbles some strange words.
The orc wizard flickers and vanishes for a moment.
The orc warrior closely misses you.
The ogre moves out of view.
You closely miss the orc warrior. The orc warrior misses you.
An orc wizard comes into view. It is wielding a -2 dagger.
You closely miss the orc warrior.
The orc shouts!
The orc warrior hits you with a +0 halberd!!
The orc warrior hits you from afar with a +0 trident!
You closely miss the orc warrior. The orc warrior barely misses you.
The orc warrior hits you with a +0 halberd!
You hit the orc warrior.
The orc warrior is moderately wounded.
The orc warrior hits you from afar with a +0 trident!
The orc warrior closely misses you.
The orc warrior hits you with a +0 halberd!
Your skin crawls.
You feel resistant to hostile enchantments.
Trog will no longer gift you weapons.
The orc warrior hits you from afar with a +0 trident!
The orc warrior misses you. x2
Evoke which item? (* to show all) (? for menu, Esc to quit)
Aiming: Corrosive Bolt
Press: ? - help, Shift-Dir - straight line, f - orc warrior
Aim: an orc warrior, wielding a +0 glaive and wearing a +0 plate armour The bolt of acid hits the orc warrior!
The orc warrior is splashed with acid.
The acid corrodes the orc warrior!
The orc warrior is heavily wounded.
The bolt of acid misses the orc warrior.
The orc warrior barely misses you.
The orc warrior hits you with a +0 halberd!
* * * LOW HITPOINT WARNING * * *
The orc warrior hits you from afar with a +0 glaive.
* * * LOW HITPOINT WARNING * * *
The orc warrior closely misses you.
You fail to use your ability.
The orc warrior is no longer covered in acid.
Your ogre goes berserk!
You feel quite a bit less full. The orc warrior barely misses you.
Your ogre hits the orc warrior with a +0 giant club!!
The orc warrior dies!
Trog accepts your kill.
You feel the effects of Trog's Hand fading.
Your ogre hits the orc warrior with a +0 giant club.
Your ogre hits the orc warrior but does no damage.
The orc warrior closely misses you.
Your ogre hits the orc warrior with a +0 giant club!!
Your ogre barely misses the orc warrior.
The orc warrior hits your ogre with a +0 glaive!
Your ogre hits the orc warrior with a +0 giant club!
The orc warrior dies!
Trog accepts your kill. The orc warrior closely misses you.
Your ogre hits the ogre with a +0 giant club!!!
The ogre dies!
Trog accepts your kill.
The orc wizard gestures at you while chanting.
The magic dart hits you.
The orc warrior hits you from afar with a +0 trident!!
* * * LOW HITPOINT WARNING * * *
Your skin stops crawling.
You feel less resistant to hostile enchantments.
Your ogre closely misses the orc warrior.
Your ogre hits the orc warrior with a +0 giant club!!
The orc warrior throws a boomerang.
The boomerang closely misses you.
The weapon returns to the orc warrior!
Your ogre misses the orc warrior.
The orc warrior throws a boomerang.
The boomerang hits you!!
* * * LOW HITPOINT WARNING * * *
The weapon returns to the orc warrior!
The orc wizard casts a spell at you. The puff of flame hits your ogre!
Your ogre closely misses the orc wizard.
The orc warrior throws a boomerang.
The boomerang hits you!
You die...

.... # .... o## ... .. #o##
### ###.# #.## #..# ###.##
###..## ##...## #.o###
#....###.#...###.....##
....o###.....##......##......#
.#....#.ooO...#.@............#
.#...o...#.o.....#...^.......#
.#.......#.#...#.###...<###
###.....####...### ##...#
#.....## .....# #.....#
##..#.. ##...... #........
#...#........#......#......#
....####...####....#.##.....#
#.#. ... ##..## #.....#


You could see an orc warrior.

Vanquished Creatures
  A stone giant (Orc:1)
  A two-headed ogre (D:9)
  A death yak (D:9)
  An unseen horror (D:9)
  3 gargoyles
  A troll (Orc:1)
  A hornet (D:9)
  A wyvern (D:9)
  A hungry ghost (D:6)
  A water moccasin (D:10)
  A black bear (D:10)
  9 orc warriors
  A necrophage (D:9)
  2 sky beasts (D:8)
  An ice beast (D:6)
  4 ogres
  2 phantoms
  4 centaurs
  A big kobold (D:7)
  5 bullfrogs (D:9)
  An elf zombie (D:5)
  A wyvern zombie (D:9)
  4 scorpions
  5 wights (D:9)
  4 howler monkeys
  A bullfrog zombie (D:6)
  4 crimson imps
  A quasit (D:9)
  8 hounds
  A jelly (D:10)
  8 orc wizards
  A bullfrog skeleton (D:6)
  8 orc priests
  3 centaur skeletons
  2 iguanas
  4 worker ants
  2 human skeletons (D:5)
  8 mummies (Ossuary)
  A worker ant zombie (D:7)
  13 adders
  An adder skeleton (D:5)
  5 worms
  3 leopard geckos
  44 orcs
  10 giant cockroaches
  2 gnoll zombies (Ossuary)
  13 goblins
  2 hobgoblins
  8 jackals
  3 quokkas
  2 ball pythons (D:3)
  7 bats
  A frilled lizard (D:1)
  2 hobgoblin zombies (Ossuary)
  2 jackal skeletons (D:7)
  17 kobolds
  3 kobold zombies (Ossuary)
  A leopard gecko zombie (D:6)
  2 orc skeletons (D:5)
  2 orc zombies
  A quokka skeleton (D:4)
  6 rats
259 creatures vanquished.

Vanquished Creatures (collateral kills)
  2 orc warriors (Orc:2)
  An ogre (Orc:2)
3 creatures vanquished.

Vanquished Creatures (others)
  An adder skeleton (D:7)
1 creature vanquished.

Grand Total: 263 creatures vanquished

Notes
Turn   | Place    | Note
-------+----------+-------------------------------------------
     0 | D:1      | EnegeticOcto the Ogre Berserker began the quest for the
                  | Orb.
     0 | D:1      | Reached XP level 1. HP: 24/24 MP: 1/1
   163 | D:1      | Reached XP level 2. HP: 28/32 MP: 2/2
   984 | D:2      | Reached XP level 3. HP: 32/40 MP: 3/3
  1094 | D:2      | You fall into a shaft and drop 1 floor!
  1138 | D:3      | Reached skill level 1 in Armour
  1226 | D:3      | Reached ** piety under Trog
  1366 | D:3      | Reached XP level 4. HP: 38/49 MP: 4/4
  1689 | D:2      | Reached skill level 4 in Axes
  2542 | D:3      | Reached XP level 5. HP: 38/55 MP: 5/5
  3015 | D:4      | Reached skill level 5 in Fighting
  3149 | D:4      | Reached XP level 6. HP: 56/66 MP: 6/6
  3410 | D:4      | Reached skill level 5 in Axes
  4244 | D:4      | Found Cejer's General Store.
  4252 | D:4      | Bought a scroll of blinking for 82 gold pieces
  4252 | D:4      | Bought 2 potions of heal wounds for 110 gold pieces
  4273 | D:5      | Entered Level 5 of the Dungeon
  4369 | D:5      | Reached XP level 7. HP: 65/74 MP: 7/7
  4430 | D:5      | Found a sand-covered staircase.
  4435 | Ossuary  | Entered an ossuary
  4731 | Ossuary  | Reached *** piety under Trog
  5425 | D:5      | Found a shattered altar of Ashenzari.
  5917 | D:6      | Reached skill level 6 in Axes
  6017 | D:6      | Reached XP level 8. HP: 70/84 MP: 8/8
  6773 | D:6      | Gained mutation: Armour fits poorly on your strangely
                  | shaped body. [potion of mutation]
  6773 | D:6      | Gained mutation: Your muscles are strong. (Str +2) [potion
                  | of mutation]
  6774 | D:6      | Lost mutation: Armour fits poorly on your strangely shaped
                  | body. [potion of mutation]
  6774 | D:6      | Lost mutation: Your muscles are strong. (Str +2) [potion of
                  | mutation]
  6774 | D:6      | Gained mutation: Your body sometimes deteriorates upon
                  | taking damage. [potion of mutation]
  6774 | D:6      | Gained mutation: You are robust. (+10% HP) [potion of
                  | mutation]
  6774 | D:6      | Gained mutation: You are resistant to hostile enchantments.
                  | (MR+) [potion of mutation]
  6774 | D:6      | Gained mutation: Your flesh is cold resistant. (rC+)
                  | [potion of mutation]
  7069 | D:6      | Found a staircase to the Ecumenical Temple.
  7171 | D:6      | Reached skill level 7 in Axes
  7299 | D:7      | Reached skill level 5 in Dodging
  7337 | D:7      | Reached **** piety under Trog
  7368 | D:7      | Reached XP level 9. HP: 32/102 MP: 9/9
  7976 | D:7      | Got a crystal whip
  7977 | D:7      | Identified the +3 whip of the Lair of Beasts {drain, MR+}
                  | (You found it on level 7 of the Dungeon)
  8401 | D:8      | Reached skill level 8 in Axes
 10298 | D:9      | Reached skill level 9 in Axes
 10426 | D:9      | Noticed a gargoyle
 10439 | D:9      | Killed a gargoyle
 10439 | D:9      | Reached skill level 5 in Armour
 10439 | D:9      | Reached XP level 10. HP: 89/117 MP: 10/10
 10640 | D:9      | Noticed a two-headed ogre
 10651 | D:9      | Killed a two-headed ogre
 10750 | D:9      | Noticed a gargoyle
 10754 | D:9      | Killed a gargoyle
 10763 | D:9      | Reached skill level 10 in Axes
 11331 | D:9      | Noticed an unseen horror
 11397 | D:9      | Killed an unseen horror
 11621 | D:9      | Reached skill level 10 in Fighting
 12107 | D:9      | Found a staircase to the Orcish Mines.
 12602 | D:10     | Entered Level 10 of the Dungeon
 12873 | D:10     | Found a burning altar of Makhleb.
 12873 | D:10     | Noticed a blizzard demon
 12905 | D:10     | Noticed a gargoyle
 12910 | D:10     | Killed a gargoyle
 12993 | D:10     | Reached XP level 11. HP: 52/129 MP: 11/11
 13475 | D:10     | Reached ***** piety under Trog
 13700 | D:10     | Noticed a death yak
 13701 | D:10     | Noticed a death yak
 13772 | D:9      | Killed a death yak
 13772 | D:9      | Reached skill level 11 in Axes
 13944 | Orc:1    | Entered Level 1 of the Orcish Mines
 14104 | Orc:1    | Noticed a stone giant
 14421 | Orc:1    | Killed a stone giant
 14713 | Orc:2    | Entered Level 2 of the Orcish Mines
 14741 | Orc:2    | Noticed an orc high priest
 14769 | Orc:2    | HP: 2/130 [orc warrior/boomerang[an orc high priest] (18)]
 14770 | Orc:2    | Hit by a boomerang thrown by an orc warrior

Levels and vault maps discovered:
D:1:      psy_arrival_terrarium, layout_loops_ring
D:2:      layout_basic, first_ration, serial_forest,
          infiniplex_forest_clump_diagonal, infiniplex_forest_clump_curved,
          infiniplex_forest_corner_2, infiniplex_forest_lined_room_3,
          infiniplex_forest_clump_long, infiniplex_forest_corner_1,
          infiniplex_forest_lined_2
D:3:      layout_rooms
D:4:      layout_rooms, serial_shops, nicolae_shop_competitors_out_of_business
D:5:      layout_cave_pools, cheibrodos_ashenzari_chains,
          nicolae_ossuary_entry_catacombs
D:6:      layout_cave_pods, minmay_temple_entry_nine_rooms
D:7:      layout_basic
D:8:      layout_basic, grunt_ogre_cave
D:9:      minmay_the_grid_square_5x5_4x4 [minmay_the_grid_square_5x5_plus,
          minmay_the_grid_square_5x5_z, minmay_the_grid_square_5x5_dogpile,
          minmay_the_grid_square_5x5_meh, minmay_the_grid_square_5x5_hourglass,
          minmay_the_grid_square_5x5_prize_waves,
          minmay_the_grid_square_5x5_prize_gold,
          minmay_the_grid_square_5x5_two_walls_b,
          minmay_the_grid_square_5x5_forky,
          minmay_the_grid_square_5x5_prize_rear_guard,
          minmay_the_grid_square_5x5_prize_itemx,
          minmay_the_grid_square_5x5_inverted_slash,
          minmay_the_grid_square_5x5_two_small,
          minmay_the_grid_square_5x5_empty, minmay_the_grid_square_5x5_empty,
          minmay_the_grid_square_5x5_minimal], layout_basic, orc_0_dummy
D:10:     layout_grid_maze, dpeg_lair_monsters, makhleb_altar_promises_db
Orc:1:    layout_caves, uniq_erolcha, uniq_erica
Orc:2:    grunt_orc_cross, layout_diamond_mine, statue_in_the_mist_lemuel

Skill      XL: |  1  2  3  4  5  6  7  8  9 10 11 |
---------------+----------------------------------+-----
Dodging        | 3 4 5 6 7 |  7.8
Armour         | 1 2 3 5 6 |  6.5
Axes           | 4 5 6 7 9 10 11 | 11.4
Fighting       | 5 6 7 9 10 | 10.9

Action                   |  1- 3 |  4- 6 |  7- 9 | 10-12 || total
-------------------------+-------+-------+-------+-------++-------
Melee: Hand axe          |   105 |   143 |       |       ||   248
       War axe           |       |    49 |   354 |   262 ||   665
       Whip              |       |       |    60 |       ||    60
       Broad axe         |       |       |       |    12 ||    12
Throw: Dart              |       |       |       |     6 ||     6
Invok: Berserk           |     1 |     5 |     8 |     8 ||    22
       Trog's Hand       |       |       |       |     5 ||     5
       Brothers in Arms  |       |       |       |     1 ||     1
Evoke: Wand              |       |       |       |     4 ||     4
  Use: Scroll            |     1 |     7 |     7 |     1 ||    16
       Potion            |       |       |     2 |     1 ||     3
 Stab: Sleeping          |     2 |       |       |       ||     2
       Distracted        |       |       |     1 |     1 ||     2
  Eat: Chunk             |     2 |    15 |    27 |    21 ||    65
       Ration            |       |     2 |     1 |       ||     3
Armor: Animal skin       |    29 |    40 |   106 |     3 ||   178
       Robe              |       |       |       |    38 ||    38
Dodge: Dodged            |    58 |   107 |   278 |   170 ||   613

Table legend:
 A = Non-vault XP
 B = Vault XP
 C = Vault XP percentage of total XP
 D = Non-vault monster count
 E = Vault monster count
 F = Vault count percentage of total count
                 A         B        C        D         E       F
            +---------+---------+-------+---------+---------+-------
      Total |    8025 |    5270 |  39.6 |     217 |      46 |  17.5
            +---------+---------+-------+---------+---------+-------
        D:1 |      33 |       0 |   0.0 |      22 |       0 |   0.0
        D:2 |      75 |       0 |   0.0 |      19 |       0 |   0.0
        D:3 |      62 |       0 |   0.0 |      20 |       0 |   0.0
        D:4 |     443 |       0 |   0.0 |      17 |       0 |   0.0
        D:5 |      57 |     166 |  74.4 |       6 |       6 |  50.0
        D:6 |     884 |       0 |   0.0 |      25 |       0 |   0.0
        D:7 |     782 |       0 |   0.0 |      31 |       0 |   0.0
        D:8 |     843 |     112 |  11.7 |      16 |       1 |   5.9
        D:9 |    1100 |    4838 |  81.5 |      27 |      23 |  46.0
       D:10 |    1306 |       0 |   0.0 |      16 |       0 |   0.0
      Orc:1 |    2208 |       0 |   0.0 |      15 |       0 |   0.0
      Orc:2 |     232 |       0 |   0.0 |       3 |       0 |   0.0
    Ossuary |       0 |     154 | 100.0 |       0 |      16 | 100.0
            +---------+---------+-------+---------+---------+-------
